Map: Pillars of Gold LE

Players

Nina - Winner!

  • Race: Protoss Protoss
  • League: Grandmaster
  • Spawn Location: 1:00

Robbie (Rob)

  • Race: Protoss Protoss
  • League: Grandmaster
  • Spawn Location: 7:00

Event: The Miserable Cup

VOD

Have the link to the VOD?

Description

Time

  • Played on: June 21, 2020, 4:08 p.m.
  • Length: 7:59

All games in this series

Show
View Real Time Build Order
Export as new Build Order

Nina Protoss - Winner!

Build Orders:  

Get SALT Encoding   

  12  0:00  Probe  
  13  0:13  Probe  
  14  0:18  Pylon  
  14  0:24  Probe  
  15  0:33  Probe  
  15  0:39  Gateway  
  15  0:41  Probe  
  17  0:50  Assimilator  
  17  0:51  Probe  
  18  1:00  Assimilator, Probe  
  19  1:09  Probe  
  19  1:16  Gateway  
  20  1:19  Probe  
  21  1:27  Cybernetics Core  
  21  1:31  Probe  
  22  1:36  Pylon  
  22  1:43  Probe  
  23  1:55  Probe  
  24  2:06  Stalker  
  24  2:08  Stalker, Probe  
  27  2:09  Warp Gate  
  29  2:19  Pylon  
  29  2:36  Stalker  
  31  2:38  Stalker  
  33  2:53  Robotics Facility  
  33  2:55  Probe  
  34  3:02  Shield Battery  
  34  3:07  Probe  
  34  3:19  Probe, Sentry  
  37  3:21  Pylon, Sentry  
  39  3:33  Nexus  
  39  3:35  Observer  
  39  3:39  Shield Battery  
  39  3:43  Probe  
  41  3:56  Probe, Sentry  
  41  3:59  Warp Prism  
  44  4:04  Pylon  
  46  4:12  Probe  
  47  4:24  Probe  
  47  4:26  Forge  
  47  4:29  Adept  
  50  4:33  Adept  
  50  4:37  Probe  
  53  4:42  Immortal  
  53  4:50  Phoenix  
  57  4:58  Shield Battery  
  57  5:04  Stalker  
  59  5:10  Stalker  
  59  5:14  Immortal  
  61  5:15  Probe  
  66  5:29  Probe  
  66  5:30  Pylon  
  67  5:40  Photon Cannon, Sentry  
  69  5:44  Pylon  
  69  5:51  Shield Battery  
  69  5:52  Sentry  
  69  5:54  Pylon  
  71  6:17  Immortal  
  71  6:18  Probe x2  
  77  6:28  Assimilator  
  77  6:32  Assimilator  
  77  6:34  Stalker  
  77  6:36  Probe  
  77  6:37  Probe  
  81  6:45  Photon Cannon  
  81  6:48  Probe  
  81  6:51  Probe  
  81  6:52  Robotics Bay  
  83  6:56  Immortal  
  83  6:57  Pylon  
  87  7:09  Stalker x2  
  91  7:15  Probe  
  91  7:17  Probe  
  87  7:28  Probe  
  84  7:33  Stalker  
  84  7:36  Probe  
  76  7:44  Stalker  
Show
View Real Time Build Order
Export as new Build Order

Robbie Protoss 

Build Orders:  

Get SALT Encoding   

  12  0:00  Probe  
  13  0:12  Probe  
  14  0:22  Pylon  
  14  0:24  Probe  
  15  0:36  Probe  
  15  0:42  Gateway  
  16  0:44  Probe  
  17  0:51  Assimilator  
  17  0:55  Assimilator  
  17  0:57  Probe  
  18  1:12  Probe  
  18  1:15  Gateway  
  19  1:24  Probe  
  20  1:31  Cybernetics Core  
  20  1:36  Probe  
  21  1:48  Probe  
  21  1:52  Pylon  
  22  2:00  Probe, Adept x2  
  23  2:10  Warp Gate  
  28  2:23  Pylon  
  28  2:29  Stalker  
  27  2:30  Sentry  
  27  2:36  Pylon  
  31  2:47  Shield Battery  
  31  3:00  Robotics Facility  
  31  3:02  Probe  
  30  3:17  Stalker x2  
  32  3:23  Gateway  
  32  3:37  Immortal  
  35  3:58  Stalker x2  
  39  4:06  Pylon  
  39  4:07  Immortal  
  43  4:22  Stalker  
  43  4:23  Sentry  
  47  4:46  Warp Prism  
  47  4:48  Stalker  
  47  4:50  Sentry  
  53  4:58  Pylon  
  53  5:11  Stalker  
  53  5:13  Pylon  
  55  5:20  Stalker  
  57  5:31  Immortal  
  61  5:43  Sentry  
  61  5:49  Stalker  
  61  6:12  Warp Prism  
  61  6:19  Robotics Bay  
  61  6:25  Stalker  
  63  6:40  Stalker  
  65  6:49  Zealot  
  67  7:06  Zealot  
  65  7:11  Zealot  
  65  7:17  Pylon  
Tags
 
Add a new tag
Caveats
  • Supply blocks, unpowered buildings, or Contaminate may cause inaccurate times.
  • Supply counts are checked every 10 seconds.